 Dungeon Crawl Stone Soup version 0.27-a0-909-g0721f309d1 (webtiles) character file.

Game seed: 16263816080574272546

18886 mhtbhm the Basher (level 12, -3/118 HPs)
             Began as a Gargoyle Berserker on Apr 8, 2021.
             Was a High Priest of Trog.
             Shot with an arrow by a centaur warrior (8 damage)
             ... on level 14 of the Dungeon.
             The game lasted 00:17:05 (14774 turns).

mhtbhm the Basher (Gargoyle Berserker)             Turns: 14774, Time: 00:17:06

Health: -3/118     AC: 26    Str: 26    XL:     12   Next: 63%
Magic:  12/12      EV: 12    Int:  8    God:    Trog [*****.]
Gold:   673        SH:  0    Dex: 21    Spells: 11/11 levels left

rFire    + . .     SeeInvis .   a - +5 dire flail (elec)
rCold    . . .     Faith    .   (shield currently unavailable)
rNeg     + . .     Spirit   .   b - +1 chain mail {rF+}
rPois    ∞         Reflect  .   F - +0 hat
rElec    +         Harm     .   p - +0 cloak
rCorr    +         Rampage  .   r - +0 pair of gloves of the King of the Hill {rCorr Dex+6}
Will     +....                  z - +0 pair of boots
Stlth    ..........             (no amulet)
HPRegen  0.29/turn              B - +6 ring of dexterity
MPRegen  0.13/turn              v - ring of willpower

@: berserking (expiring), very quick
A: AC +8, negative energy resistance 1, electricity resistance, torment
resistance 1, unbreathing 1, petrification resistance
a: Renounce Religion, Berserk, Trog's Hand, Brothers in Arms


You were on level 14 of the Dungeon.
You worshipped Trog.
Trog was extremely pleased with you.
You visited 1 branch of the dungeon, and saw 14 of its levels.

You collected 941 gold pieces.
You spent 268 gold pieces at shops.

Inventory:

Hand Weapons
 a - a +5 dire flail of electrocution (weapon)
Missiles
 h - 4 curare-tipped darts (quivered)
Armour
 b - a +1 chain mail of fire resistance (worn)
 p - a +0 cloak (worn)
 r - the +0 pair of gloves of the King of the Hill (worn) {rCorr Dex+6}
   (You acquired it on level 7 of the Dungeon)

   It affects your dexterity (+6).
   It protects you from acid and corrosion.
 z - a +0 pair of boots (worn)
 F - a +0 hat (worn)
Jewellery
 q - a ring of ice
 v - a ring of willpower (right hand)
 B - a +6 ring of dexterity (left hand)
Wands
 l - a wand of acid (4)
 s - a wand of polymorph (6)
 w - a wand of iceblast (18)
 y - a wand of flame (8)
Scrolls
 c - 4 scrolls of teleportation
 d - 2 scrolls of blinking
 e - 2 scrolls of enchant armour
 f - a scroll of identify
 j - 2 scrolls of immolation
 m - a scroll of silence
 n - 2 scrolls of fog
 t - a scroll of holy word
 A - 3 scrolls of torment
 C - a scroll of magic mapping
 G - a scroll of enchant weapon
Potions
 g - 4 potions of heal wounds
 i - 2 potions of mutation
 k - 4 potions of haste
 o - a potion of lignification
 u - a potion of cancellation
 x - a potion of ambrosia
 D - 2 potions of curing
 E - 2 potions of resistance {unknown}


   Skills:
 + Level 10.6 Fighting
 + Level 13.2 Maces & Flails
 + Level 0.6 Throwing
 + Level 11.9 Armour
 + Level 5.5 Dodging
 - Level 0.2 Stealth
 + Level 0.8 Evocations


You had 11 spell levels left.
You didn't know any spells.
Your spell library was empty.

Dungeon Overview and Level Annotations

Branches:
Dungeon (13/15)            Temple (0/1) D:7            Lair (0/6) D:10
    Orc (0/2) D:9
 Vaults: D:13-14

Altars:
Ashenzari
Gozag
Hepliaklqana
Kikubaaqudgha
Okawaru
Qazlal
Ru
Trog
Uskayaw
Vehumet
Xom
Yredelemnul
Beogh

Shops:
D:4 !   D:7 ?   D:8 [   D:11 *   D:14 [


Innate Abilities, Weirdness & Mutations

Your stone body is resilient. (AC +8)
You are immune to poison.
You resist negative energy. (rN+)
You are resistant to electric shocks. (rElec)
You are resistant to unholy torment.
You can survive without breathing.
You are immune to petrification.


Message History

The meliai barely misses you. The meliai stings you.
* * * LOW HITPOINT WARNING * * *
A meliai comes into view. It is wielding a +0 hand axe.
The centaur warrior barely misses you.
The centaur warrior kicks you but does no damage.
The centaur warrior misses you.
The centaur warrior kicks you but does no damage.
You miss the meliai. The meliai hits you with a +0 hand axe.
* * * LOW HITPOINT WARNING * * *
The meliai stings you but does no damage.
The meliai hits you but does no damage. The meliai barely misses you.
The centaur warrior hits you.
* * * LOW HITPOINT WARNING * * *
The centaur warrior kicks you but does no damage.
You sock the meliai!
The meliai is heavily wounded.
The meliai hits you with a +0 hand axe.
* * * LOW HITPOINT WARNING * * *
The meliai barely misses you.
The meliai calls down the wrath of its god upon you.
Something smites you!
* * * LOW HITPOINT WARNING * * *
The centaur warrior barely misses you.
The centaur warrior kicks you but does no damage.
Unknown command.
You puncture the meliai!
You kill the meliai!
Trog accepts your kill. The centaur warrior misses you.
The centaur warrior kicks you but does no damage.
The meliai hits you but does no damage.
The meliai stings you but does no damage.
Unknown command.
The centaur warrior hits you!
* * * LOW HITPOINT WARNING * * *
The centaur warrior closely misses you. The meliai hits you but does no damage.
The meliai stings you but does no damage.
The centaur warrior wields a +0 longbow.
The centaur warrior shoots an arrow.
The arrow hits you!
You die...

,,,,..>......######*****,,,,,*,,,
,,,,.........#,,,,,,,,,*,,,,,*,,,
,,,,.........#,,,>,,,,,*,,,,,*,,,
,,,,.........#,,,,,,,,,*,,,,,*,,,
,,,,.........##+########,,,,,*,,,
****#...####............,,,,,*###
,,,*#≈≈≈≈≈≈#............,,,,,,...
,,,*#..,***#..yc.y......,,,,,,...
,,,#..,** #....@###,8,***,,,,...
,,,#...#####..c###,,,,,,,***,,...
,,,#.........###,,*,,,,,*,,***...
,,,#.......###,,**,*,,,*,**,,**#.
,,,#.....###,,***,*,*,*,*,***,,##
**+#.....*8,,,,,,,,,,,,,,,,,,,,,8
,,......#*,,,,*,***,*,*,***,*,,,,
,,......*,,,,*,,,*,**,**,*,,,*,,,
,,.....#*,,,*,***,,**,**,,***,*,,


You could see 2 centaur warriors and 2 meliai.

Vanquished Creatures
  A hydra (D:13)
  3 boulder beetles
  The ghost of relicbr the Frost Mage, a novice NaIE of Vehumet (D:9)
  3 two-headed ogres
  Pikel (D:4)
  A deep elf pyromancer (D:9)
  2 manticores
  A cyclops (D:14)
  3 centaur zombies
  3 gargoyles
  An unseen horror (D:12)
  Psyche (D:11)
  A meliai (D:14)
  A troll (D:13)
  A shadow (D:11)
  2 water elementals (D:11)
  3 wraiths
  14 yaks
  A wyvern (D:10)
  A steam dragon (D:9)
  4 vampire mosquitoes (D:9)
  An acid dragon (D:11)
  2 water moccasins
  5 black bears
  7 orc warriors
  A sky beast (D:6)
  An ice beast (D:5)
  A hornet zombie (D:5)
  A necrophage (D:4)
  3 ogres
  9 centaurs
  A lemure (D:4)
  3 kobold brigands
  5 bullfrogs
  2 gnoll sergeants
  A wyvern zombie (D:7)
  9 killer bees
  8 wights (D:8)
  4 howler monkeys
  An electric eel (D:11)
  4 hounds
  10 orc priests
  2 centaur skeletons (D:3)
  A jelly (D:5)
  3 iguanas
  Jessica (D:3)
  A scorpion zombie (D:3)
  Natasha (thrice) (D:4)
  11 orc wizards
  A killer bee zombie (D:7)
  A hound zombie (D:3)
  A howler monkey zombie (D:9)
  A howler monkey skeleton (D:7)
  8 adders
  7 gnolls
  3 adder zombies (D:3)
  A worm (D:5)
  2 dart slugs
  38 orcs
  5 ball pythons
  7 bats
  5 endoplasms
  6 giant cockroaches
  10 goblins
  3 hobgoblins
  A quokka (D:2)
  A ball python zombie (D:3)
  12 frilled lizards
  17 kobolds
  A quokka zombie (D:3)
  5 rats
286 creatures vanquished.

Vanquished Creatures (others)
  2 fungi (D:10)
  26 plants
  5 withered plants (D:3)
33 creatures vanquished.

Grand Total: 319 creatures vanquished

Notes
Turn   | Place    | Note
-------+----------+-------------------------------------------
     0 | D:1      | mhtbhm the Gargoyle Berserker began the quest for the Orb.
     0 | D:1      | Reached XP level 1. HP: 14/14 MP: 1/1
   329 | D:1      | Reached XP level 2. HP: 6/19 MP: 2/2
   948 | D:1      | Found a faded altar of an unknown god.
  1074 | D:1      | Reached ** piety under Trog
  1488 | D:2      | Reached XP level 3. HP: 24/24 MP: 3/3
  2107 | D:2      | Reached XP level 4. HP: 29/29 MP: 4/4
  2305 | D:3      | Reached skill level 4 in Maces & Flails
  2505 | D:3      | Reached XP level 5. HP: 26/33 MP: 5/5
  2578 | D:3      | Noticed an ogre
  2586 | D:3      | Killed an ogre
  2808 | D:3      | Reached skill level 5 in Maces & Flails
  2808 | D:3      | Reached XP level 6. HP: 39/39 MP: 6/6
  2816 | D:3      | Reached *** piety under Trog
  3349 | D:3      | Noticed Jessica
  3354 | D:3      | Killed Jessica
  3382 | D:3      | Found a radiant altar of Vehumet.
  3767 | D:4      | Reached XP level 7. HP: 41/44 MP: 7/7
  3852 | D:4      | Noticed Pikel
  3980 | D:4      | Noticed Natasha
  3988 | D:4      | Killed Natasha
  3993 | D:4      | Noticed Natasha
  4006 | D:4      | Killed Natasha
  4009 | D:4      | Noticed Natasha
  4014 | D:4      | Killed Natasha
  4218 | D:4      | Reached skill level 6 in Maces & Flails
  4293 | D:4      | Found Aroann's Distillery.
  4301 | D:4      | Bought a potion of heal wounds for 50 gold pieces
  4301 | D:4      | Bought a potion of heal wounds for 50 gold pieces
  4533 | D:4      | Killed Pikel
  4534 | D:4      | Reached skill level 5 in Fighting
  4534 | D:4      | Reached skill level 7 in Maces & Flails
  4534 | D:4      | Reached skill level 5 in Armour
  4534 | D:4      | Reached XP level 8. HP: 49/49 MP: 8/8
  4672 | D:5      | Entered Level 5 of the Dungeon
  4693 | D:5      | Reached **** piety under Trog
  5382 | D:5      | Reached XP level 9. HP: 55/55 MP: 9/9
  5983 | D:6      | Noticed a two-headed ogre
  5999 | D:6      | Killed a two-headed ogre
  6000 | D:6      | Reached skill level 8 in Maces & Flails
  6796 | D:6      | Found a sacrificial altar of Ru.
  7066 | D:7      | Found a staircase to the Ecumenical Temple.
  7248 | D:7      | Reached skill level 9 in Maces & Flails
  7258 | D:7      | Reached XP level 10. HP: 61/63 MP: 10/10
  7703 | D:7      | Reached ***** piety under Trog
  7794 | D:7      | Found Piryno's Magic Scroll Shop.
  7903 | D:7      | Bought a scroll of identify for 28 gold pieces
  7903 | D:7      | Bought a scroll of identify for 28 gold pieces
  7903 | D:7      | Bought a scroll of identify for 28 gold pieces
  7903 | D:7      | Bought 3 scrolls of identify for 84 gold pieces
  7905 | D:7      | Identified a scroll of acquirement
  7912 | D:7      | Acquired the +0 pair of gloves of the King of the Hill
                  | {rCorr Dex+6}
  8426 | D:8      | Found Doados Xena's Armour Shoppe.
  8744 | D:8      | Found a basalt altar of Yredelemnul.
  8804 | D:8      | Found a broken altar of Ashenzari.
  8807 | D:8      | Found a hazy altar of Hepliaklqana.
  8807 | D:8      | Found an iron altar of Okawaru.
  8810 | D:8      | Found a hide-covered altar of Uskayaw.
  8928 | D:8      | Found a bloodstained altar of Trog.
  8929 | D:8      | Found an ancient bone altar of Kikubaaqudgha.
  9136 | D:8      | Reached skill level 10 in Maces & Flails
  9150 | D:8      | Reached skill level 10 in Armour
  9636 | D:8      | Found a shimmering altar of Xom.
  9954 | D:9      | Received a gift from Trog
 10161 | D:9      | Noticed relicbr's ghost (novice NaIE)
 10162 | D:9      | Found a runed translucent gate.
 10162 | D:9      | Found a runed translucent gate.
 10166 | D:9      | Found a runed translucent gate.
 10238 | D:9      | Found a staircase to the Orcish Mines.
 10286 | D:9      | You fall into a shaft and drop 2 floors!
 10290 | D:11     | Noticed a boulder beetle
 10305 | D:11     | Killed a boulder beetle
 10306 | D:11     | Reached XP level 11. HP: 69/69 MP: 11/11
 10521 | D:11     | Noticed Psyche
 10528 | D:11     | Killed Psyche
 10660 | D:11     | Noticed a manticore
 10664 | D:11     | Killed a manticore
 10665 | D:11     | Reached skill level 11 in Maces & Flails
 10760 | D:11     | Found Tireefiva's Mayhem Merchandise.
 11223 | D:10     | Entered Level 10 of the Dungeon
 11686 | D:10     | Found a staircase to the Lair.
 11747 | D:10     | Found a stormy altar of Qazlal.
 11970 | D:10     | Found an opulent altar of Gozag.
 12327 | D:9      | Noticed a manticore
 12333 | D:9      | Noticed a deep elf pyromancer
 12338 | D:9      | Killed a manticore
 12339 | D:9      | Reached skill level 12 in Maces & Flails
 12348 | D:9      | Killed a deep elf pyromancer
 12351 | D:9      | Noticed a boulder beetle
 12366 | D:9      | Killed a boulder beetle
 12624 | D:9      | Killed relicbr's ghost
 12625 | D:9      | Reached skill level 5 in Dodging
 12625 | D:9      | Reached XP level 12. HP: 77/77 MP: 12/12
 13265 | D:12     | Noticed a two-headed ogre
 13268 | D:12     | Noticed a five-headed hydra
 13271 | D:12     | Killed a two-headed ogre
 13290 | D:13     | Reached skill level 10 in Fighting
 13554 | D:13     | Killed a five-headed hydra
 14254 | D:12     | Noticed a two-headed ogre
 14264 | D:12     | Killed a two-headed ogre
 14265 | D:12     | Reached skill level 13 in Maces & Flails
 14396 | D:12     | Identified the +5 shortbow of Jitoym {venom, rElec rPois
                  | Int+5}
 14556 | D:12     | You fall into a shaft and drop 2 floors!
 14693 | D:14     | Noticed a tengu warrior
 14696 | D:14     | Found Emeyg's Armour Boutique.
 14732 | D:14     | Noticed a boulder beetle
 14741 | D:14     | Killed a boulder beetle
 14759 | D:14     | Noticed a centaur warrior
 14760 | D:14     | Noticed a centaur warrior
 14765 | D:14     | HP: 3/78 [centaur warrior (2)]
 14765 | D:14     | HP: 1/78 [centaur warrior (2)]
 14774 | D:14     | HP: 5/118 [centaur warrior (8)]
 14774 | D:14     | Shot with an arrow by a centaur warrior

Illustrated notes

Levels and vault maps discovered:
D:1:      eino_arrival_cavern_d, layout_basic,
          shapermc_ecumenical_altar_hornbeckon, minmay_tromino_v4_a
D:2:      layout_loops_corners
D:3:      layout_loops_corners, amcnicky_altar_gilded, serial_undead,
          serial_undead_f, serial_undead_b, serial_undead_d, serial_undead_f,
          serial_undead_f, serial_undead_a, serial_undead_a, uniq_jessica
D:4:      layout_cave_pools, serial_shops, shop, chequers_serial_rivers_micro_c,
          grunt_ministairs_15, serial_bayou_pond_d, kennysheep_generic_room_10,
          uniq_pikel, uniq_natasha
D:5:      layout_cave_pods
D:6:      layout_cave_pools, nicolae_ru_sacrificial_ziggurat,
          serial_bayou_crossing
D:7:      layout_loops_ring, minmay_temple_entry_overgrown, serial_shops,
          shop_fountains
D:8:      layout_rooms, lemuel_round_altar, grunt_temple_overflow_open,
          chequers_temple_overflow_statue_of_worship, serial_shops, shop,
          patterned_corridor
D:9:      minmay_cornered_nines, layout_rooms, orc_0_dummy,
          biasface_ghost_orc_armoury, minivault_5
D:10:     layout_basic, grunt_gozag_statues, old_standard_altar,
          due_lair_maze_entry_diamond
D:11:     layout_basic, serial_bayou, serial_bayou_shore_a, serial_bayou_pond_c,
          serial_bayou_pond_d, serial_bayou_pond_b, minmay_shop_mayhem,
          uniq_psyche
D:12:     layout_basic
D:13:     layout_rooms, david_vaults_2, serial_shops, nicolae_shop_waterfront,
          tso_oasis_becter
D:14:     minmay_complete_graph, layout_irregular_city, gauntlet_entry_generic,
          serial_shops, nicolae_shop_behind_doors, serial_rivers,
          chequers_serial_rivers_large_a, chequers_serial_rivers_micro_b,
          chequers_serial_rivers_room_a, chequers_serial_rivers_large_b,
          chequers_serial_rivers_small_a, chequers_serial_rivers_small_3

Skill      XL: |  1  2  3  4  5  6  7  8  9 10 11 12 |
---------------+-------------------------------------+-----
Dodging        | 2 3 4 5 |  5.5
Fighting       | 4 5 7 8 9 10 | 10.6
Maces & Flails | 4 5 7 9 10 12 13 | 13.2
Armour         | 3 5 6 8 10 11 | 11.9
Throwing       | |  0.6
Stealth        | |  0.2
Evocations     | |  0.8

Action                   |  1- 3 |  4- 6 |  7- 9 | 10-12 || total
-------------------------+-------+-------+-------+-------++-------
Melee: Mace              |    35 |       |       |       ||    35
       Whip              |    56 |   219 |   361 |   377 ||  1013
       Dire flail        |       |       |       |   326 ||   326
Throw: Dart              |       |       |     2 |       ||     2
Invok: Berserk           |     2 |     2 |     9 |    20 ||    33
Evoke: Wand              |       |       |       |     4 ||     4
  Use: Scroll            |       |     5 |     6 |    19 ||    30
       Potion            |       |       |     1 |     4 ||     5
 Stab: Sleeping          |     1 |       |       |       ||     1
Armor: Animal skin       |    14 |       |       |       ||    14
       Ring mail         |    24 |    31 |       |       ||    55
       Scale mail        |       |    47 |       |       ||    47
       Chain mail        |       |    14 |   236 |   470 ||   720
Dodge: Dodged            |    59 |   112 |   125 |   343 ||   639

Table legend: (Time is in decaauts)
 A = Elapsed time spent in this place.
 B = Non-inter-level travel time spent in this place.
 C = Inter-level travel time spent in this place.
 D = Time resting spent in this place.
 E = Time spent auto-exploring this place.
 F = Levels seen in this place.
 G = Mean time per level.
                   A        B        C        D        E       F      G
               +--------+--------+--------+--------+--------+-----+--------+
         Total |  14746 |  14703 |     43 |   4651 |   7445 |  14 | 1053.3 |
       Dungeon |  14746 |  14703 |     43 |   4651 |   7445 |  14 | 1053.3 |
               +--------+--------+--------+--------+--------+-----+--------+

Top non-repeatable levels by time:
    D:11: 1782 daAuts
     D:1: 1489 daAuts
     D:8: 1388 daAuts
     D:3: 1316 daAuts
     D:5: 1280 daAuts
     D:6: 1232 daAuts
     D:9: 1161 daAuts
     D:4: 1135 daAuts
     D:7: 1096 daAuts
    D:12: 981 daAuts
     D:2: 784 daAuts
    D:10: 530 daAuts
    D:13: 351 daAuts
    D:14: 214 daAuts
